 Dungeon Crawl Stone Soup version 0.22.0-38-g04b72b8 (console) character file.

139 bli the Insei (level 5, -11/42 HPs)
             Began as a Demonspawn Monk on Aug 26, 2018.
             Was an Initiate of Uskayaw.
             Mangled by an ogre
             ... wielding a +0 giant club
              (19 damage)
             ... on level 4 of the Dungeon.
             The game lasted 00:12:14 (2646 turns).

bli the Insei (Demonspawn Monk)                     Turns: 2646, Time: 00:12:14

Health: -11/42     AC:  3    Str: 11    XL:     5   Next: 1%
Magic:  2/5        EV: 14    Int: 12    God:    Uskayaw [......]
Gold:   180        SH:  0    Dex: 16    Spells: 4/4 levels left

rFire    x . .     SeeInvis .     - Unarmed
rCold    + . .     Gourm    .   (no shield)
rNeg     . . .     Faith    .   a - +0 robe
rPois    .         Spirit   .   (no helmet)
rElec    .         Reflect  .   (no cloak)
rCorr    .         Harm     .   (no gloves)
MR       .....                  r - +0 pair of boots (curse)
Stlth    ++........             (no amulet)
HPRegen  0.14/turn              f - ring of ice
MPRegen  0.09/turn              (no ring)

@: no status effects
A: claws 1, demonic guardian 1
a: Renounce Religion


You were on level 4 of the Dungeon.
You worshipped Uskayaw.
Uskayaw was noncommittal.
You were hungry.

You visited 1 branch of the dungeon, and saw 4 of its levels.

You collected 180 gold pieces.

Inventory:

Missiles
 l - 8 poisoned tomahawks (quivered)
Armour
 a - a +0 robe (worn)
 c - a +0 buckler
 n - a +0 pair of boots
 r - a cursed +0 pair of boots (worn)
Jewellery
 f - a ring of ice (left claw)
 h - an uncursed amulet of rage {unknown}
Wands
 y - a wand of paralysis (12)
Scrolls
 d - 4 scrolls of identify {unknown}
 k - 4 scrolls of remove curse {unknown}
 p - a scroll of amnesia {unknown}
 q - a scroll of blinking {unknown}
 t - a scroll of teleportation {unknown}
 w - 3 scrolls of magic mapping {unknown}
Potions
 e - 2 potions of brilliance {unknown}
 i - 3 potions of curing {unknown}
 j - 2 potions of degeneration {unknown}
 m - a potion of mutation {unknown}
 o - a potion of ambrosia {unknown}
 s - 4 potions of might {unknown}
 u - a potion of invisibility {unknown}
 v - a potion of cancellation {unknown}
 x - 2 potions of haste {unknown}
Comestibles
 b - 6 rations
 g - 8 chunks of flesh


   Skills:
 * Level 3.9 Fighting
 + Level 3.2 Dodging
 + Level 2.3 Stealth
 + Level 4.0 Unarmed Combat


You had 4 spell levels left.
You didn't know any spells.
Your spell library was empty.

Dungeon Overview and Level Annotations

Branches:
Dungeon (4/15)
 Temple: D:4-7

Altars:
Okawaru
Uskayaw


Innate Abilities, Weirdness & Mutations

You have sharp fingernails.
A weak demonic guardian rushes to your aid.


Message History

You see here a jackal corpse.
You butcher the jackal corpse.
g - 8 chunks of flesh (gained 3)
You see here a jackal skeleton.
You open the door.
There is an open door here.
An ogre comes into view. It is wielding a giant club.
You open the door.
There is an open door here.
The ogre shouts!
The ogre hits you with a giant club!!
Ouch! That really hurt!
* * * LOW HITPOINT WARNING * * *
You closely miss the ogre.
You stomp with the beat, sending a shockwave through the revelers around you!
The ogre is moderately wounded.
You are feeling hungry.
You can no longer stomp with the beat.
The ogre hits you with a giant club!!
You die...

...# ...# ....# ##
....#
#########.########....#
..........+......5....#
h.........#.....O.....#
..........#.....@.....#
....##..######..##....#
... #..#######'##....+
.. #................# #
##................#
#.................#
#.................# ###
##.####'###.#####+#
..####.###..###.###
........#(..รท.#...#
........'.....#...#


You could see an ogre and a friendly iron imp.

Vanquished Creatures
  4 adders
  3 oozes
  A worm (D:2)
  2 dart slugs
  3 leopard geckos
  An orc (D:4)
  2 ball pythons (D:1)
  4 giant cockroaches
  6 goblins
  10 hobgoblins
  3 jackals (D:4)
  11 kobolds
  A quokka (D:2)
  13 bats
  13 frilled lizards
  A jackal skeleton (D:4)
  A rat (D:1)
79 creatures vanquished.

Notes
Turn   | Place    | Note
-------+----------+-------------------------------------------
     0 | D:1      | bli the Demonspawn Monk began the quest for the Orb.
     0 | D:1      | Reached XP level 1. HP: 18/18 MP: 1/1
   113 | D:1      | Gained mutation: You have sharp fingernails. [demonic ancestry]
   113 | D:1      | Reached XP level 2. HP: 16/24 MP: 2/2
   149 | D:1      | Reached skill level 3 in Unarmed Combat
   522 | D:1      | Reached XP level 3. HP: 18/29 MP: 3/3
  1354 | D:2      | Found an iron altar of Okawaru.
  1364 | D:2      | Reached XP level 4. HP: 25/37 MP: 4/4
  1396 | D:2      | Found a hide-covered altar of Uskayaw.
  1419 | D:2      | Became a worshipper of Uskayaw the Reveler
  1419 | D:2      | Reached * piety under Uskayaw
  1476 | D:2      | Reached ** piety under Uskayaw
  2612 | D:4      | Gained mutation: A weak demonic guardian rushes to your aid. [demonic ancestry]
  2612 | D:4      | Reached XP level 5. HP: 29/42 MP: 5/5
  2616 | D:4      | Reached skill level 4 in Unarmed Combat
  2637 | D:4      | Noticed an ogre
  2646 | D:4      | Mangled by an ogre

Skill      XL: |  1  2  3  4  5 |
---------------+----------------+-----
Unarmed Combat | 3 4 |  4.0
Stealth        | 2 |  2.3
Dodging        | 3 |  3.2
Fighting       | |  3.9

Action                   |  1- 3 |  4- 6 || total
-------------------------+-------+-------++-------
Melee: Unarmed           |   147 |   126 ||   273
       Punch             |     2 |       ||     2
Invok: Stomp             |       |     5 ||     5
 Stab: Sleeping          |     3 |     1 ||     4
       Distracted        |     1 |     1 ||     2
  Eat: Chunk             |     2 |     4 ||     6
Armor: Robe              |    22 |    21 ||    43
Dodge: Dodged            |    80 |    85 ||   165
